 Dungeon Crawl Stone Soup version 0.19-a0-1170-g18f0c96 (webtiles) character file.

247 epen the Poker (level 6, 0/48 HPs)
             Began as a Merfolk Monk on Aug 16, 2016.
             Slain by an orc priest
             ... wielding a +0 short sword
              (4 damage)
             ... on level 3 of the Dungeon.
             The game lasted 00:04:17 (3318 turns).

epen the Poker (Merfolk Monk)                       Turns: 3318, Time: 00:04:18

Health: 0/48       AC:  3    Str: 18 (19) XL:     6   Next: 11%
Magic:  2/2        EV: 15    Int:  8 (9)  God:
Gold:   77         SH:  0    Dex: 13 (16) Spells: 0 memorised, 5 levels left

rFire  . . .     SeeInvis .     e - +1 halberd (antimagic)
rCold  . . .     Gourm    .     b - +0 robe
rNeg   . . .     Faith    .     (shield currently unavailable)
rPois  +         Spirit   .     (no helmet)
rElec  .         Dismiss  .     u - +0 cloak
rCorr  .         Reflect  .     (no gloves)
MR     .....     Harm     .     (no boots)
Stlth  ++........               (no amulet)
                                g - ring of poison resistance
                                d - +5 ring of strength

@: no status effects
A: change form in water, swift swim
a: no special abilities


You were on level 3 of the Dungeon.
You were not hungry.

You visited 1 branch of the dungeon, and saw 3 of its levels.

You collected 77 gold pieces.

Inventory:

Hand Weapons
 a - a +0 spear
 e - a +1 antimagic halberd (weapon)
Missiles
 o - a throwing net (quivered)
Armour
 b - a +0 robe (worn)
 u - a +0 cloak (worn)
Jewellery
 d - a +5 ring of strength (left hand)
 g - a ring of poison resistance (right hand)
Wands
 s - a wand of flame (9/48)
Scrolls
 l - a scroll of recharging {unknown}
 m - a scroll of enchant armour {unknown}
 n - a scroll of magic mapping {unknown}
 p - a scroll of remove curse {unknown}
Comestibles
 c - 2 bread rations
 f - a slice of pizza
 h - 2 meat rations
 i - a chunk of flesh
 j - a beef jerky
 q - a royal jelly


   Skills:
 + Level 4.1 Fighting
 + Level 5.8 Polearms
 * Level 2.7 Armour
 + Level 5.3 Dodging
 - Level 2.1 Stealth


You had 5 spell levels left.
You didn't know any spells.

Dungeon Overview and Level Annotations

Branches:
Dungeon (3/15)

Altars:


Message History

The orc priest invokes the aid of Beogh against you.
Beogh smites you!
* * * LOW HITPOINT WARNING * * *
You are too injured to fight recklessly!
You hit the orc.
You kill the orc!
You closely miss the orc priest. The orc priest closely misses you.
The orc priest looks braver for a moment.
You aren't carrying any potions.
As you read the scroll labeled WEWKIE OHUAV, it crumbles to dust.
The scroll dissolves into smoke.
It was a scroll of fog.
The orc priest closely misses you.
You hit the orc priest.
The orc priest is moderately wounded.
The orc priest looks braver for a moment.
You closely miss the orc priest.
The orc priest is moderately wounded.
The orc priest hits you but does no damage.
The orc priest hits you with a short sword.
You die...

#..#...####
#......#<..
#..#.#.#%##
.#......#)##
.#...###...#
####.##.. #...#
### #....#...
#...#
.....####§...###
#...#
....ooo@§§...#
####.##
.....####§...#
#....# ...
###....# #.####
. #......# #.#
#......#####÷#
#...'#.......#
#...'......###
#...######.#
#...# #.#


You could see 2 orc priests.

Vanquished Creatures
  The ghost of slayr the Sneak, an amateur SpEn of Nemelex Xobeh (D:3)
  A worker ant (D:3)
  3 gnolls
  4 adders
  A worm (D:3)
  2 dart slugs
  3 giant geckos
  3 orcs (D:3)
  7 bats
  6 giant cockroaches
  7 hobgoblins
  14 jackals
  2 quokkas (D:2)
  5 giant newts
  6 goblins
  7 kobolds
  4 rats
76 creatures vanquished.

Notes
Turn   | Place    | Note
-------+----------+-------------------------------------------
     0 | D:1      | epen the Merfolk Monk began the quest for the Orb.
     0 | D:1      | Reached XP level 1. HP: 18/18 MP: 1/1
    84 | D:1      | Reached XP level 2. HP: 19/24 MP: 2/2
   533 | D:1      | Reached skill level 1 in Armour
   594 | D:1      | Reached XP level 3. HP: 29/29 MP: 3/3
  1381 | D:2      | Reached XP level 4. HP: 27/37 MP: 4/4
  1575 | D:2      | Reached skill level 5 in Polearms
  2133 | D:3      | Noticed slayr's ghost (amateur SpEn)
  2521 | D:3      | Killed slayr's ghost
  2521 | D:3      | Reached skill level 5 in Dodging
  2521 | D:3      | Reached XP level 5. HP: 13/42 MP: 5/5
  3200 | D:3      | Reached XP level 6. HP: 36/48 MP: 6/6
  3318 | D:3      | Slain by an orc priest

Vault maps used:
D:1:      lightli_iron_boxes
D:2:      st_stairs_4
D:3:      minmay_crystal_room

Skill      XL: |  1  2  3  4 |
---------------+-------------+-----
Armour         | 1 2 |  2.7
Polearms       | 5 |  5.8
Fighting       | 4 |  4.1
Dodging        | 5 |  5.3
Stealth        | |  2.1

Action                   |  1- 3 |  4- 6 || total
-------------------------+-------+-------++-------
Melee: Spear             |   154 |   200 ||   354
       Halberd           |       |    10 ||    10
  Use: Potion            |       |     4 ||     4
       Scroll            |       |     1 ||     1
 Stab: Sleeping          |     5 |     3 ||     8
  Eat: Chunk             |     2 |     6 ||     8
Armor: Robe              |    16 |    20 ||    36
Dodge: Dodged            |   102 |   130 ||   232
